Map: Lost and Found LE

Players

Ziggy

  • Race: Terran Terran
  • Spawn Location: 1:00

harstem - Winner!

  • Race: Protoss Protoss
  • Spawn Location: 7:00

Event: WCS Austin 2018

VOD

Have the link to the VOD?

Description

Time

  • Played on: June 1, 2018, 3:35 p.m.
  • Length: 8:02

All games in this series

Show
View Real Time Build Order
Export as new Build Order

Ziggy Terran 

Build Orders: Reaper Expand, MMM Bio 

Get SALT Encoding   

  12  0:00  SCV  
  13  0:12  SCV  
  14  0:17  Supply Depot  
  14  0:25  SCV  
  15  0:38  SCV  
  15  0:40  Barracks  
  16  0:44  Refinery  
  16  0:50  SCV  
  17  1:02  SCV  
  18  1:14  SCV  
  19  1:27  Orbital Command, Reaper  
  20  1:43  Command Center  
  20  1:56  Barracks, SCV  
  20  2:00  Barracks Reactor  
  21  2:08  SCV  
  21  2:09  Supply Depot  
  22  2:17  Refinery  
  22  2:21  SCV  
  23  2:33  SCV  
  23  2:34  Factory  
  24  2:37  Marine x2  
  26  2:45  SCV, Barracks Tech Lab  
  27  2:54  Orbital Command  
  27  2:57  Marine x2  
  29  3:01  SCV  
  30  3:10  Marine  
  30  3:11  Stimpack  
  30  3:15  Marine x2  
  30  3:17  SCV  
  33  3:21  SCV  
  34  3:28  Marine  
  34  3:30  SCV  
  34  3:33  Marine x2  
  38  3:36  Factory Reactor  
  38  3:38  Starport  
  38  3:39  SCV  
  39  3:43  SCV  
  39  3:46  Marine  
  41  3:51  Marine  
  41  3:53  SCV  
  41  3:55  Supply Depot, SCV  
  44  3:58  Engineering Bay, Marine  
  45  4:06  SCV  
  45  4:08  SCV  
  45  4:10  Marine x2  
  45  4:14  Supply Depot  
  46  4:22  Medivac x2, Marine, SCV x2  
  53  4:27  Missile Turret  
  53  4:32  Missile Turret  
  53  4:34  Missile Turret  
  53  4:35  SCV  
  54  4:40  Marine x2  
  54  4:42  SCV  
  54  4:43  Marine  
  56  4:48  SCV  
  56  4:53  Terran Infantry Weapons Level 1  
  56  4:54  SCV  
  56  4:58  Marine x2  
  59  5:00  SCV  
  59  5:01  Marine  
  59  5:02  Supply Depot  
  59  5:06  SCV  
  62  5:18  Supply Depot  
  62  5:23  Combat Shields  
  62  5:24  Marauder, Medivac, Marine, SCV x2  
  69  5:28  Supply Depot  
  69  5:40  Barracks x2  
  69  5:41  Factory Tech Lab  
  69  5:43  SCV x2  
  69  5:47  Refinery, Marine  
  69  5:49  Medivac  
  74  5:53  Marauder  
  74  5:56  Marine  
  77  6:02  Siege Tank  
  80  6:05  Marine  
  80  6:06  Refinery, SCV x2  
  83  6:13  Marine  
  83  6:15  Marauder  
  86  6:21  Supply Depot x2  
  86  6:26  Liberator  
  86  6:28  Barracks Tech Lab x2  
  86  6:34  Supply Depot  
  86  6:40  Marine  
  86  6:42  Marauder, Siege Tank  
  93  6:49  Marine x2  
  95  6:55  Barracks  
  95  6:56  Concussive Shells  
  95  7:01  Marauder, Marine  
  98  7:14  Siege Tank  
  90  7:16  Marine x2  
  90  7:17  Marauder  
  90  7:18  Marine  
  98  7:28  Barracks  
  98  7:32  Marine  
  98  7:34  Marine  
  103  7:41  Marine  
  101  7:48  Supply Depot  
Show
View Real Time Build Order
Export as new Build Order

harstem Protoss - Winner!

Build Orders: 1 Gate Expand, Oracle Opening 

Get SALT Encoding   

  12  0:01  Probe  
  13  0:13  Probe  
  14  0:18  Pylon  
  14  0:25  Probe  
  15  0:33  Probe  
  15  0:36  Gateway  
  15  0:42  Probe  
  16  0:48  Assimilator  
  17  0:51  Probe  
  18  1:03  Probe  
  19  1:16  Probe  
  20  1:24  Nexus  
  20  1:35  Cybernetics Core  
  20  1:37  Probe  
  21  1:44  Assimilator  
  21  1:49  Probe  
  21  1:53  Pylon  
  23  2:01  Probe  
  23  2:03  Adept  
  23  2:13  Probe  
  26  2:20  Stargate  
  26  2:21  Probe  
  25  2:27  Warp Gate  
  25  2:29  Probe  
  26  2:31  Adept  
  26  2:36  Probe  
  30  2:39  Probe  
  31  2:48  Probe  
  32  2:52  Probe  
  32  2:58  Oracle  
  33  3:00  Probe  
  33  3:04  Probe  
  37  3:10  Probe  
  39  3:16  Probe  
  39  3:17  Pylon  
  39  3:18  Probe  
  40  3:26  Gateway  
  40  3:27  Gateway  
  41  3:28  Probe  
  41  3:32  Probe  
  42  3:35  Oracle  
  42  3:38  Adept  
  42  3:40  Probe  
  49  3:46  Pylon  
  49  3:50  Probe  
  49  3:53  Probe  
  51  4:02  Probe  
  52  4:12  Probe  
  52  4:14  Probe, Nexus  
  52  4:16  Pylon  
  54  4:18  Assimilator  
  54  4:20  Assimilator  
  54  4:23  Phoenix  
  54  4:24  Probe  
  54  4:25  Twilight Council  
  54  4:26  Probe  
  54  4:29  Pylon  
  58  4:36  Probe  
  58  4:37  Sentry, Adept  
  63  4:40  Probe  
  64  4:46  Blink  
  64  4:48  Probe  
  64  4:51  Phoenix  
  64  4:52  Probe  
  66  4:54  Stalker  
  66  4:55  Forge  
  70  5:00  Probe  
  70  5:03  Adept  
  70  5:04  Probe  
  74  5:12  Probe  
  75  5:14  Zealot  
  75  5:18  Protoss Ground Weapons Level 1  
  75  5:20  Shield Battery  
  78  5:26  Stalker, Pylon  
  78  5:28  Stalker  
  82  5:33  Pylon, Probe  
  83  5:35  Probe  
  83  5:43  Stalker  
  83  5:44  Probe  
  86  5:50  Gateway  
  86  5:51  Stalker  
  86  5:52  Gateway, Sentry  
  90  5:59  Probe  
  91  6:04  Probe  
  91  6:06  Pylon  
  93  6:11  Probe  
  93  6:12  Robotics Facility  
  93  6:14  Stalker  
  93  6:16  Gateway  
  95  6:20  Gateway  
  95  6:24  Stalker, Gateway  
  97  6:35  Probe  
  97  6:37  Stalker, Pylon  
  97  6:38  Stalker  
  102  6:42  Probe  
  102  6:45  Pylon  
  103  6:48  Stalker  
  103  6:50  Stalker  
  107  6:54  Probe  
  107  6:56  Stalker, Pylon  
  110  7:03  Pylon  
  110  7:04  Probe  
  110  7:05  Immortal  
  115  7:13  Probe  
  115  7:15  Stalker x4  
  124  7:20  Pylon  
  124  7:23  Probe  
  124  7:24  Assimilator  
  124  7:29  Assimilator  
  125  7:30  Zealot x3  
  131  7:41  Zealot x2  
  131  7:42  Zealot x2  
  137  7:44  Dark Shrine  
  137  7:49  Stalker  
  129  7:59  Stalker x3  
Tags
 
Add a new tag
Caveats
  • Supply blocks, unpowered buildings, or Contaminate may cause inaccurate times.
  • Supply counts are checked every 10 seconds.